 Dungeon Crawl Stone Soup version 0.17-a0-968-gf8e1f1d (webtiles) character file.

110 namelastname112 the Chopper (level 4, 0/38 HPs)
             Began as a Draconian Skald on May 10, 2015.
             Was an Initiate of Gozag.
             Slain by Sigmund
             ... wielding a +0 scythe
              (2 damage)
             ... on level 4 of the Dungeon.
             The game lasted 00:08:41 (2515 turns).

namelastname112 the Chopper (Draconian Skald)       Turns: 2515, Time: 00:08:41

Health: 0/38       AC:  6    Str: 14    XL:     4   Next: 61%
Magic:  7/7        EV: 12    Int: 12    God:    Gozag
Gold:   277        SH:  0    Dex: 13    Spells: 2 memorised, 3 levels left

rFire  . . .     SeeInvis .     a - +0 hand axe
rCold  . . .     Rnd*Rage +     (armour unavailable)
rNeg   . . .     SustAb   .     (no shield)
rPois  .         Gourm    .     (helmet restricted)
rElec  +         Spirit   .     (no cloak)
rCorr  .         Warding  .     (no gloves)
rMut   .         Stasis   .     v - +0 pair of boots
MR     .....                    (no amulet)
Stlth  +.........               (no ring)
                                t - +3 ring of dexterity

@: very slightly contaminated, not resistant to hostile enchantments, very
unstealthy
A: unfitting armour, berserk 1, clumsy 1, electricity resistance, cold-blooded,
AC +5
a: Potion Petition, Call Merchant, Bribe Branch, Renounce Religion


You were on level 4 of the Dungeon.
You worshipped Gozag.
Gozag was noncommittal.
You were not hungry.

You visited 1 branch of the dungeon, and saw 4 of its levels.

You collected 304 gold pieces.
You paid 27 gold pieces to Gozag.

Inventory:

Hand weapons
 a - a +0 hand axe (weapon)
Armour
 v - a +0 pair of boots (worn)
Jewellery
 t - a +3 ring of dexterity (left hand)
Scrolls
 d - 2 scrolls of noise {unknown}
 g - a scroll of enchant weapon {unknown}
 h - a scroll of immolation {unknown}
 i - 3 scrolls of identify {unknown}
 k - 2 scrolls of fear {unknown}
 o - 2 scrolls of magic mapping {unknown}
 p - a scroll of recharging {unknown}
 r - a scroll of random uselessness {unknown}
 s - a scroll of teleportation {unknown}
 u - 3 scrolls of remove curse {unknown}
 y - a scroll of blinking {unknown}
 z - 2 scrolls of amnesia {unknown}
Potions
 j - a potion of brilliance
Books
 b - a book of Battle

   Spells                             Type                      Level
   a - Infusion                       Charms                       1
   b - Shroud of Golubria             Charms/Translocation         2
   c - Song of Slaying                Charms                       2
   d - Spectral Weapon                Hexes/Charms                 3
   e - Regeneration                   Charms/Necromancy            3
Comestibles
 c - 5 bread rations
 x - a royal jelly


   Skills:
 - Level 3.2 Fighting
 - Level 3.5 Axes
 - Level 2.5 Dodging
 + Level 2.0 Spellcasting
 + Level 2.6 Charms


You had 3 spell levels left.
You knew the following spells:

 Your Spells              Type           Power        Failure   Level  Hunger
a - Infusion              Chrm           #.....       12%         1    ##.....
b - Spectral Weapon       Hex/Chrm       #.......     56%         3    ####...


Dungeon Overview and Level Annotations

Branches:
Dungeon (4/15)
 Temple: D:4-7

Altars:
Gozag

Annotations:
D:4 Dowan, Duvessa, Sigmund


Innate Abilities, Weirdness & Mutations

Your plain brown scales are hard (AC +5).
Your body does not fit into most forms of armour.
You are cold-blooded and may be slowed by cold attacks.
You tend to lose your temper in combat.
You are clumsy. (Dex -2)
You are resistant to electric shocks.


Message History

You hit something. Something hits you. The hound completely misses you.
You closely miss something. You closely miss the hound.
The hound is moderately wounded.
The hound bites you. The hound bites you but does no damage.
Something hits you!
You hit something. You miss the hound.
The hound is moderately wounded.
The hound barely misses you. x2
Something hits you!
* * * LOW HITPOINT WARNING * * *
Unknown command.
You slash something! You tail-slap something. You hit the hound.
The hound is moderately wounded.
The hound closely misses you. The hound bites you.
* * * LOW HITPOINT WARNING * * *
You miss something. You closely miss the hound.
The hound is moderately wounded.
Something hits you.
You die...
Your body crumbles into a pile of gold.

#.... ##..# #.....##...
#....##...# ##
#....#...# .
..###........# ..
.............## #...
..............## ##....#
..
...............###.....#
....##
..........##....@h...#
#.....
.......#######.{...###
##.... .....### ##....[#
###.. ....## #.....##
#... ....# ##.....##
#..# ....# ##........#
#... .....# #.)..##.....
.... ......#
##..###...### ###.
.......###..## ###


You could see a hound.

Vanquished Creatures
  A worker ant (D:4)
  An ooze (D:3)
  A worm (D:3)
  5 goblins
  9 hobgoblins
  9 kobolds
  A quokka (D:2)
  A ball python (D:2)
  7 bats
  3 giant cockroaches
  2 giant geckos
  7 giant newts
  19 jackals
  8 rats
74 creatures vanquished.

Notes
Turn   | Place    | Note
--------------------------------------------------------------
     0 | D:1      | namelastname112, the Draconian Skald, began the quest for the Orb.
     0 | D:1      | Reached XP level 1. HP: 17/17 MP: 3/3
   272 | D:1      | Reached XP level 2. HP: 19/25 MP: 5/5
   570 | D:1      | Reached XP level 3. HP: 16/30 MP: 0/6
   971 | D:2      | Reached skill level 3 in Axes
  1109 | D:2      | Found an opulent altar of Gozag.
  1117 | D:2      | Became a worshipper of Gozag Ym Sagoz the Greedy
  1173 | D:2      | Found an opulent altar of Gozag.
  1437 | D:3      | Reached XP level 4. HP: 38/38 MP: 7/7
  2379 | D:4      | Noticed Duvessa
  2385 | D:4      | Noticed Dowan
  2456 | D:4      | Noticed Sigmund
  2486 | D:3      | Learned a level 3 spell: Spectral Weapon
  2495 | D:3      | Gained mutation: You are clumsy. (Dex -2) [potion of mutation]
  2495 | D:3      | Gained mutation: You are resistant to electric shocks. [potion of mutation]
  2495 | D:3      | Gained mutation: You tend to lose your temper in combat. [potion of mutation]
  2515 | D:4      | Slain by Sigmund

Action                   |  1- 3 |  4- 6 || total
-------------------------+-------+-------++-------
Melee: Hand axe          |   175 |    61 ||   236
 Cast: Infusion          |     1 |       ||     1
  Use: Potion            |       |     8 ||     8
 Stab: Sleeping          |     2 |       ||     2
       Distracted        |       |     1 ||     1
  Eat: Bread ration      |     1 |       ||     1
       Chunk             |     1 |       ||     1
